 Dungeon Crawl Stone Soup version 0.29.1-2-gbd0b4ee654 (webtiles) character file.

Game seed: 1531728416981412068

379 GorkyZ the Trooper (level 7, 0/52 HPs)
             Began as a Formicid Gladiator on Nov 21, 2022.
             Splashed by a jelly's acid (8 damage)
             ... on level 5 of the Dungeon.
             The game lasted 00:09:26 (4500 turns).

GorkyZ the Trooper (Formicid Gladiator)             Turns: 4500, Time: 00:09:27

Health: 0/52       AC:  4    Str: 20    XL:     7   Next: 4%
Magic:  7/7        EV: 13    Int:  8    God:
Gold:   176        SH:  0    Dex: 15    Spells: 6/6 levels left

rFire   . . .      SeeInvis +   z - +0 halberd
rCold   . . .      Faith    .   j - orb {light}
rNeg    . . .      Spirit   .   b - +0 leather armour
rPois   .          Reflect  .   (helmet unavailable)
rElec   .          Harm     .   (no cloak)
rCorr   .          Rampage  .   p - +0 pair of gloves
Will    .....                   (no boots)
Stlth   +.........              (no amulet)
HPRegen 0.17/turn               k - ring of wizardry
MPRegen 0.10/turn               (no ring)

@: confused, glowing
A: permanent stasis, dig shafts and tunnels, antennae 3, four strong arms
a: Dig, Shaft Self


You were on level 5 of the Dungeon.
You visited 1 branch of the dungeon, and saw 5 of its levels.

You collected 176 gold pieces.

Inventory:

Hand Weapons
 a - a +0 quarterstaff
 t - a +0 hand axe
 z - a +0 halberd (weapon)
Missiles
 c - 2 throwing nets (quivered)
 d - 4 javelins
 l - 3 curare-tipped darts
Armour
 b - a +0 leather armour (worn)
 j - an orb of light (worn)
 p - a +0 pair of gloves (worn)
Jewellery
 k - a ring of wizardry (left hand)
 x - a ring of magical power
Scrolls
 e - a scroll of amnesia {unknown}
 f - 2 scrolls of immolation {unknown}
 g - 2 scrolls of teleportation {unknown}
 h - 5 scrolls of identify {unknown}
 i - 4 scrolls of enchant weapon {unknown}
 n - 2 scrolls of fear {unknown}
 o - a scroll of acquirement {unknown}
 s - 4 scrolls of fog {unknown}
 u - a scroll of poison {unknown}
 y - a scroll of silence {unknown}
Potions
 m - 5 potions of heal wounds {unknown}
 q - a potion of attraction {unknown}
 r - a potion of flight {unknown}
 v - a potion of mutation {unknown}
 w - a potion of haste {unknown}


   Skills:
 + Level 3.6 Fighting
 + Level 0.0(1.7) Polearms
 - Level 3.0 Staves
 + Level 3.2 Throwing
 + Level 2.7 Armour
 + Level 3.6 Dodging
 + Level 3.3 Shields
 + Level 2.7 Evocations


You had 6 spell levels left.
You didn't know any spells.
Your spell library contained the following spells:

 Spells                   Type           Power      Damage    Failure   Level
 Sandblast                Erth           0%         2d4       21%         1
 Ensorcelled Hibernation  Hex/Ice        0%         N/A       28%         2
 Passwall                 Tmut/Erth      0%         N/A       28%         2
 Portal Projectile        Hex/Tloc       0%         N/A       50%         3
 Stone Arrow              Conj/Erth      0%         3d7       50%         3
 Tukima's Dance           Hex            0%         N/A       50%         3
 Anguish                  Hex/Necr       0%         N/A       86%         4
 Blade Hands              Tmut           0%         N/A       99%         5
 Enfeeble                 Hex            0%         N/A       100%        7
 Swiftness                Air            Unusable   N/A       N/A         3

Dungeon Overview and Level Annotations

Branches:
Dungeon (5/15)
 Temple: D:4-7

Altars:


Innate Abilities, Weirdness & Mutations

You cannot be hasted, slowed, berserked, paralysed or teleported.
You can dig through walls and to a lower floor.
You have a pair of large antennae on your head. (SInv)
Your four strong arms can wield two-handed weapons with a shield.


Message History

You kill the orc!
The jelly hits you but does no damage.
You hit the orc wizard but do no damage.
The orc wizard hits you but does no damage.
The jelly barely misses you. The orc misses you.
The orc hits you with a +1 whip of electrocution!
The jelly closely misses you. The orc wizard casts a spell at you.
You are confused.
You are too confused!
You are too confused!
You are too confused!
You are too confused!
You are too confused!
You are too confused!
You are too confused!
You are too confused!
You are too confused!
You are too confused!
You are too confused!
The white imp gestures at you. The puff of frost hits you!
The orc hits you with a +1 whip of electrocution.
You are electrocuted!!
* * * LOW HITPOINT WARNING * * *
The orc attacks as you move away! The orc closely misses you.
The orc wizard casts a spell at you. The magic dart hits you.
* * * LOW HITPOINT WARNING * * *
The jelly barely misses you.
The orc wizard attacks as you move away!
The orc wizard hits you but does no damage.
The orc attacks as you move away! The orc closely misses you.
A white imp opens the door.
The jelly barely misses you.
The orc wizard attacks as you move away!
The orc wizard barely misses you. The jelly hits you.
* * * LOW HITPOINT WARNING * * *
You are splashed with acid!
You die...

.............##8
............##.
.........##8.
#..)..##...
#.....#8. {
#.....'. #..5oo#
##.SJo.## #
#..<@...## .
##.##.....##
...##.#.##.# #
###.........###+#
. ##.##....###.#.
# ........###....
.............#
........####.####
..........†.....##
###


You could see a jelly, an orc wizard, an adder, a white imp and 2 orcs.

Vanquished Creatures
  An ogre (D:4)
  A scorpion (D:5)
  An orc wizard (D:4)
  3 gnolls (D:5)
  6 adders
  A river rat (D:4)
  A white imp (D:5)
  An ufetubus (D:5)
  4 worms
  3 dart slugs (D:1)
  6 orcs
  4 endoplasms
  7 giant cockroaches
  5 goblins
  5 hobgoblins
  5 jackals
  5 quokkas
  6 ball pythons
  2 bats
  2 frilled lizards (D:2)
  11 kobolds
  A rat (D:4)
81 creatures vanquished.

Vanquished Creatures (others)
  4 toadstools (D:1)
4 creatures vanquished.

Grand Total: 85 creatures vanquished

Notes
Turn   | Place    | Note
-------+----------+-------------------------------------------
     0 | D:1      | GorkyZ the Formicid Gladiator began the quest for the Orb.
     0 | D:1      | Reached XP level 1. HP: 16/16 MP: 1/1
   151 | D:1      | Reached XP level 2. HP: 22/22 MP: 2/2
   347 | D:1      | Found a faded altar of an unknown god.
   407 | D:1      | Reached skill level 1 in Shields
   707 | D:1      | Reached XP level 3. HP: 27/28 MP: 3/3
   851 | D:2      | Reached skill level 1 in Armour
   852 | D:2      | Reached skill level 1 in Evocations
  1407 | D:2      | Reached XP level 4. HP: 31/34 MP: 4/4
  2478 | D:4      | Noticed an ogre
  2487 | D:4      | Killed an ogre
  2488 | D:4      | Reached XP level 5. HP: 18/41 MP: 5/5
  2787 | D:4      | Reached XP level 6. HP: 47/47 MP: 6/6
  3953 | D:5      | Entered Level 5 of the Dungeon
  4280 | D:5      | Reached XP level 7. HP: 19/52 MP: 7/7
  4500 | D:5      | Splashed by a jelly's acid

Illustrated notes

Levels and vault maps discovered:
D:1:      ldierk_walled_garden_2, layout_loops_ring,
          shapermc_ecumenical_altar_mp_urbaneastern, minmay_pentomino_r4
D:2:      layout_basic
D:3:      layout_basic, chequers_serial_rivers_large_a
D:4:      layout_basic, gup_sewer_entry_bubbles
D:5:      layout_rooms, nicolae_elyvilon_peaceful_grove, dk_noncrumbling_4,
          dk_noncrumbling_3

Skill      XL: |  1  2  3  4  5  6 |
---------------+-------------------+-----
Shields        | 1 2 3 |  3.3
Armour         | 1 2 |  2.7
Evocations     | 1 2 |  2.7
Dodging        | 3 |  3.6
Fighting       | 3 |  3.6
Throwing       | 3 |  3.2
Staves         | |  3.0

Action                   |  1- 3 |  4- 6 |  7- 9 || total
-------------------------+-------+-------+-------++-------
Melee: Quarterstaff      |    56 |   160 |     4 ||   220
       Halberd           |       |       |     5 ||     5
Throw: Throwing net      |       |     1 |       ||     1
 Stab: Sleeping          |     1 |       |       ||     1
       Held in net/web   |       |     1 |       ||     1
Armor: Leather armour    |    11 |    40 |     7 ||    58
Dodge: Dodged            |    32 |   144 |     9 ||   185
